 Dungeon Crawl Stone Soup version 0.26.0-10-g1f06aea511 (webtiles) character file.

Game seed: 2551345687730729813

25445 Dirian the Fencer (level 12, -19/169 HPs)
             Began as a Minotaur Fighter on Jan 19, 2021.
             Demolished by Saint Roka
             ... wielding a +0 dire flail
              (23 damage)
             ... on level 1 of the Orcish Mines.
             The game lasted 00:31:42 (18845 turns).

Dirian the Fencer (Minotaur Fighter)               Turns: 18845, Time: 00:31:42

Health: -19/169    AC: 26    Str: 24    XL:     12   Next: 89%
Magic:  11/11      EV:  2    Int:  5    God:
Gold:   1047       SH: 13    Dex: 12    Spells: 11/11 levels left

rFire    . . .     SeeInvis .   C - +2 long sword (vorpal)
rCold    . . .     Faith    +   f - +3 kite shield
rNeg     + + +     Spirit   .   (armour currently unavailable)
rPois    +         Reflect  .   (helmet currently unavailable)
rElec    .         Harm     .   (cloak currently unavailable)
rCorr    .         Rampage  .   (gloves currently unavailable)
Will     +....     NoTele   +   (boots currently unavailable)
Stlth    +.........             l - amulet of faith
HPRegen  0.38/turn              m - ring of willpower
MPRegen  0.12/turn              D - ring of flight

@: mighty, tree-form, hasted, very quick
A: (retaliatory headbutt)
a: no special abilities


You were on level 1 of the Orcish Mines.
You were a tree.
You visited 3 branches of the dungeon, and saw 17 of its levels.
You also visited: Bailey.

You collected 1047 gold pieces.

Inventory:

Hand Weapons
 a - a +1 long sword of freezing
 C - a +2 vorpal long sword (weapon)
 K - a +0 scimitar
Armour
 b - a +2 cloak of poison resistance (melded)
 c - a +0 plate armour (melded)
 f - a +3 kite shield (worn)
 s - a +0 chain mail
 G - a +0 pair of gloves (melded)
 H - a +0 pair of boots (melded)
Jewellery
 l - an amulet of faith (around neck)
 m - a ring of willpower (left branch)
 D - a ring of flight (right branch)
Wands
 e - a wand of acid (3)
 u - a wand of flame (17)
 v - a wand of digging (4)
 E - a wand of enslavement (17)
 J - a wand of polymorph (11)
Scrolls
 i - a scroll of magic mapping
 j - 3 scrolls of enchant armour
 k - a scroll of acquirement
 p - 6 scrolls of enchant weapon
 r - a scroll of identify
 t - a scroll of teleportation
 x - 10 scrolls of remove curse
 y - 3 scrolls of immolation
 z - 4 scrolls of blinking
 A - a scroll of vulnerability
 B - a scroll of summoning
Potions
 h - a potion of haste
 n - a potion of resistance
 o - 4 potions of flight
 F - 2 potions of magic
 I - a potion of ambrosia


   Skills:
 + Level 12.9 Fighting
 + Level 15.6 Long Blades
 + Level 13.4 Armour
 - Level 5.0 Dodging
 - Level 5.0 Shields
 * Level 4.7 Evocations


You had 11 spell levels left.
You didn't know any spells.
Your spell library contained the following spells:

 Spells                   Type           Power        Failure   Level
 Animate Skeleton         Necr           0%           89%         1
 Apportation              Tloc           0%           89%         1
 Corona                   Hex            0%           89%         1
 Foxfire                  Conj/Fire      0%           89%         1
 Freeze                   Ice            0%           89%         1
 Magic Dart               Conj           0%           89%         1
 Pain                     Necr           0%           89%         1
 Summon Small Mammal      Summ           0%           89%         1
 Blink                    Tloc           N/A          96%         2
 Call Imp                 Summ           0%           96%         2
 Poisonous Vapours        Pois/Air       0%           96%         2
 Slow                     Hex            0%           96%         2
 Conjure Flame            Conj/Fire      0%           99%         3
 Frozen Ramparts          Ice            0%           99%         3
 Inner Flame              Hex/Fire       0%           99%         3
 Mephitic Cloud           Conj/Pois/Air  0%           99%         3
 Ozocubu's Armour         Ice            0%           99%         3
 Vampiric Draining        Necr           0%           99%         3
 Animate Dead             Necr           0%           100%        4
 Hailstorm                Conj/Ice       0%           100%        4
 Sticky Flame             Conj/Fire      0%           100%        4
 Summon Ice Beast         Ice/Summ       0%           100%        4
 Agony                    Necr           0%           100%        5
 Fireball                 Conj/Fire      0%           100%        5
 Freezing Cloud           Conj/Ice/Air   0%           100%        6


Dungeon Overview and Level Annotations

Branches:
Dungeon (14/15)            Temple (1/1) D:6            Lair (0/6) D:10
    Orc (2/2) D:10         Bailey (visited)
    Elf: Orc:2       Vaults: D:13-14

Altars:
Ashenzari
Cheibriados
Dithmenos
Elyvilon
Fedhas
Gozag
Hepliaklqana
Kikubaaqudgha
Makhleb
Nemelex Xobeh
Okawaru
Qazlal
Ru
Sif Muna
Trog
Uskayaw
Vehumet
Wu Jian
Xom
Yredelemnul
Zin
The Shining One

Shops:
D:9 *

Annotations:
D:8 3 runed translucent doors, Jaiteiro's ghost, novice NaFi; Raspi's ghost, novice TeHu; TheNamelessOne's ghost, novice FoFi; semitonal's ghost, novice DgIE
D:14 Roxanne
Orc:1 Saint Roka


Innate Abilities, Weirdness & Mutations

((You reflexively headbutt those who attack you in melee.))
((You have a pair of horns on your head.))


Message History

Saint Roka calls down the wrath of Beogh upon you.
Beogh smites you!
* * * LOW HITPOINT WARNING * * *
You feel better.
You completely miss Saint Roka.
Saint Roka is severely wounded.
Saint Roka mumbles some strange prayers to Beogh against you.
Beogh smites you!
* * * LOW HITPOINT WARNING * * *
You barely miss Saint Roka.
Saint Roka is severely wounded.
You closely miss Saint Roka.
Saint Roka is severely wounded.
You block Saint Roka's attack.
You slice Saint Roka!!
Saint Roka is almost dead.
You slash Saint Roka!
Saint Roka is almost dead.
Saint Roka hits you with a +0 dire flail!!
You die...

##### ##### #...# #.†♣##
####..# ####..[o###
#.....####
#.........####.....##.#
####.........#.#........#
##......#....##...........
#.......#....^......#.....
####....##.....[.....##....
#.......####........###....
##.......##..[......##.....


You could see Saint Roka.

Vanquished Creatures
  Nessos (D:14)
  Josephine (D:10)
  A boulder beetle (D:11)
  2 centaur warriors (D:14)
  A two-headed ogre (D:12)
  A necromancer (D:11)
  An orc sorcerer (Orc:1)
  7 orc knights
  3 ugly things
  2 deep elf magi
  A centaur zombie (D:12)
  Psyche (D:9)
  A komodo dragon (D:13)
  2 trolls
  Prince Ribbit (D:8)
  6 slime creatures (D:12)
  A shadow (D:13)
  4 yaks (D:10)
  6 wraiths
  3 vampires
  5 wyverns
  A basilisk (D:10)
  2 acid dragons
  4 wargs (Orc:1)
  Edmund (D:4)
  4 water moccasins (D:10)
  4 sky beasts
  17 orc warriors
  2 black bears
  A necrophage (D:13)
  A phantom (D:11)
  4 ice beasts
  3 eyes of draining
  7 ogres
  11 centaurs
  Blork the orc (D:6)
  3 big kobolds
  A bullfrog (D:10)
  A wyvern zombie (D:12)
  A wyvern skeleton (D:6)
  13 scorpions
  8 wights
  4 killer bees (D:8)
  13 howler monkeys
  A bullfrog zombie (D:10)
  A quasit (D:9)
  2 jellies
  2 centaur skeletons
  10 hounds
  5 orc priests
  Crazy Yiuf (D:2)
  2 iguanas
  Natasha (thrice) (D:4)
  9 worker ants
  14 orc wizards
  Ijyb (D:4)
  2 yak simulacra (D:11)
  A polar bear simulacrum (D:11)
  4 wolf simulacra (D:11)
  A killer bee zombie (D:6)
  A howler monkey skeleton (D:8)
  A howler monkey zombie (D:9)
  12 adders
  A shadow imp (D:9)
  A white imp (D:8)
  An ufetubus (D:10)
  2 oozes (D:3)
  3 adder skeletons
  4 worms
  A dart slug (D:1)
  2 leopard geckos (D:7)
  70 orcs
  6 giant cockroaches
  8 goblins
  3 hobgoblins
  19 jackals
  5 quokkas
  9 bats
  3 frilled lizards (D:5)
  17 kobolds
  2 leopard gecko skeletons
  2 leopard gecko zombies (D:7)
  3 quokka skeletons
  2 rats (D:1)
  4 river rat simulacra (D:11)
399 creatures vanquished.

Vanquished Creatures (others)
  10 fungi
  33 plants
  A withered plant (D:8)
44 creatures vanquished.

Grand Total: 443 creatures vanquished

Notes
Turn   | Place    | Note
-------+----------+-------------------------------------------
     0 | D:1      | Dirian the Minotaur Fighter began the quest for the Orb.
     0 | D:1      | Reached XP level 1. HP: 19/19 MP: 0/0
   247 | D:1      | Reached XP level 2. HP: 19/27 MP: 1/1
   906 | D:2      | Found a shimmering blue altar of Sif Muna.
   907 | D:2      | Found a hide-covered altar of Uskayaw.
  1003 | D:2      | Reached XP level 3. HP: 33/33 MP: 2/2
  1206 | D:2      | Reached skill level 3 in Long Blades
  1300 | D:2      | Reached skill level 1 in Dodging
  1300 | D:2      | Reached XP level 4. HP: 40/40 MP: 3/3
  1311 | D:2      | Found a runed translucent door.
  1312 | D:2      | Noticed Crazy Yiuf
  1544 | D:2      | Killed Crazy Yiuf
  2085 | D:3      | Reached XP level 5. HP: 41/46 MP: 4/4
  2790 | D:4      | Reached skill level 4 in Long Blades
  2796 | D:4      | Reached skill level 5 in Armour
  2796 | D:4      | Reached skill level 5 in Shields
  2799 | D:4      | Reached XP level 6. HP: 38/53 MP: 5/5
  2914 | D:4      | Reached skill level 5 in Long Blades
  3051 | D:4      | Noticed Edmund
  3069 | D:4      | Killed Edmund
  3070 | D:4      | Reached skill level 5 in Fighting
  3070 | D:4      | Reached skill level 6 in Long Blades
  3070 | D:4      | Reached XP level 7. HP: 57/61 MP: 6/6
  3109 | D:4      | Noticed Natasha
  3116 | D:4      | Killed Natasha
  3119 | D:4      | Noticed Ijyb
  3143 | D:4      | Killed Ijyb
  3190 | D:4      | Noticed Natasha
  3206 | D:4      | Killed Natasha
  3262 | D:4      | Reached skill level 7 in Long Blades
  3494 | D:4      | Noticed Natasha
  3499 | D:4      | Killed Natasha
  3615 | D:4      | Found an opulent altar of Gozag.
  3616 | D:4      | Found a sparkling altar of Nemelex Xobeh.
  3963 | D:5      | Entered Level 5 of the Dungeon
  4264 | D:5      | Reached XP level 8. HP: 51/70 MP: 7/7
  4718 | D:5      | Found a glowing golden altar of the Shining One.
  4723 | D:5      | Found a hazy altar of Hepliaklqana.
  4724 | D:5      | Found a broken altar of Ashenzari.
  4730 | D:5      | Found an ornate altar of the Wu Jian Council.
  4801 | D:6      | Reached skill level 8 in Long Blades
  5053 | D:6      | Found a radiant altar of Vehumet.
  5058 | D:6      | Reached skill level 9 in Long Blades
  5434 | D:6      | Noticed Blork the orc
  5449 | D:6      | Killed Blork the orc
  5606 | D:6      | Found a staircase to the Ecumenical Temple.
  5891 | Temple   | Entered the Ecumenical Temple
  6815 | D:7      | Reached skill level 10 in Long Blades
  6815 | D:7      | Reached XP level 9. HP: 78/78 MP: 8/8
  7238 | D:7      | Identified a scroll of acquirement
  7327 | D:8      | Found a flagged portal.
  7382 | Bailey   | Entered a bailey
  8285 | Bailey   | Noticed an orc knight
  8285 | Bailey   | Noticed an orc knight
  8464 | Bailey   | Reached skill level 11 in Long Blades
  8642 | Bailey   | Killed an orc knight
  8885 | Bailey   | Killed an orc knight
  8886 | Bailey   | Reached XP level 10. HP: 19/88 MP: 9/9
  8974 | Bailey   | Noticed an orc knight
  9009 | Bailey   | Killed an orc knight
  9288 | Bailey   | Noticed an orc knight
  9337 | Bailey   | Killed an orc knight
  9338 | Bailey   | Reached skill level 12 in Long Blades
  9338 | Bailey   | Reached skill level 10 in Armour
  9547 | Bailey   | Noticed an orc knight
  9614 | Bailey   | Killed an orc knight
 10441 | D:8      | Noticed Prince Ribbit
 10450 | D:8      | Killed Prince Ribbit
 10609 | D:8      | Found a runed translucent gate.
 10609 | D:8      | Found a runed translucent gate.
 10609 | D:8      | Found a runed translucent gate.
 10611 | D:8      | Noticed Jaiteiro's ghost (novice NaFi)
 10611 | D:8      | Noticed TheNamelessOne's ghost (novice FoFi)
 10612 | D:8      | Noticed Raspi's ghost (novice TeHu)
 10612 | D:8      | Noticed semitonal's ghost (novice DgIE)
 11010 | D:9      | Reached skill level 13 in Long Blades
 11136 | D:9      | Found a shadowy altar of Dithmenos.
 11168 | D:9      | Noticed Psyche
 11177 | D:9      | Killed Psyche
 11352 | D:9      | Found Muele's Assorted Antiques.
 11390 | D:9      | Identified the +3 leather armour of Uskayaw's Castigation
                  | {rF+ rCorr Int-3 Stlth+}
 11867 | D:10     | Entered Level 10 of the Dungeon
 11867 | D:10     | Found a staircase to the Orcish Mines.
 11909 | D:10     | Reached XP level 11. HP: 89/99 MP: 10/10
 12189 | D:10     | Reached skill level 10 in Fighting
 12398 | D:10     | Found a staircase to the Lair.
 12878 | D:11     | Noticed Josephine
 12896 | D:10     | Killed Josephine
 12897 | D:10     | Reached skill level 14 in Long Blades
 13366 | D:11     | Noticed a necromancer
 13381 | D:11     | Killed a necromancer
 13848 | D:11     | Noticed a boulder beetle
 13868 | D:11     | Killed a boulder beetle
 13962 | D:11     | Reached skill level 1 in Evocations
 14574 | D:12     | Reached skill level 5 in Dodging
 14775 | D:12     | Noticed a green ugly thing
 14805 | D:12     | Killed a green ugly thing
 14806 | D:12     | Reached XP level 12. HP: 108/110 MP: 11/11
 15186 | D:12     | Noticed a two-headed ogre
 15198 | D:12     | Killed a two-headed ogre
 15691 | D:13     | Reached skill level 15 in Long Blades
 16447 | D:14     | Noticed a centaur warrior
 16457 | D:14     | Killed a centaur warrior
 16902 | D:14     | Noticed Nessos
 16916 | D:14     | Killed Nessos
 17163 | D:14     | Noticed a centaur warrior
 17185 | D:14     | Killed a centaur warrior
 17365 | D:14     | Identified Roxanne's Guide on Moulding
 17365 | D:14     | Noticed Roxanne
 17633 | Orc:1    | Entered Level 1 of the Orcish Mines
 18597 | Orc:2    | Entered Level 2 of the Orcish Mines
 18607 | Orc:2    | Noticed Saint Roka
 18839 | Orc:1    | HP: 2/169 [Saint Roka/divine providence (14)]
 18845 | Orc:1    | Demolished by Saint Roka

Illustrated notes

Levels and vault maps discovered:
D:1:      lightli_arrival_flooded_house, layout_loops_ring,
          minmay_misc_feat_secret_circle
D:2:      layout_basic, gammafunk_temple_overflow_pools, st_stairs_8,
          kennysheep_boxes, uniq_crazy_yiuf_cottage
D:3:      layout_loops_ring, chequers_serial_rivers_room_b,
          serial_bayou_lagoon_a
D:4:      layout_gridville, grunt_temple_overflow_opulence, uniq_ijyb,
          uniq_edmund, uniq_natasha
D:5:      layout_loops_ring, minitemple, supply_closet_lemuel
D:6:      corexii_shack_village, layout_cave_pods, old_standard_altar,
          minmay_temple_entry_poolview, uniq_blork_the_orc
D:7:      layout_gridville
D:8:      old_forge, layout_basic, enter_bailey_4, gammafunk_ghost_cemetery,
          uniq_prince_ribbit1
D:9:      layout_loops_ring, lemuel_crystal_altar, serial_shops, shop,
          kennysheep_generic_room_11, uniq_psyche
D:10:     layout_basic, minmay_lair_entry_grove, david_orc_2,
          grunt_decor_resistance, roderic_st_hans_cross
D:11:     layout_cave_pods, eino_house_with_fridge, uniq_josephine
D:12:     layout_loops_cross
D:13:     kennysheep_six_static_rooms, layout_cave_pods, grunt_ministairs_5,
          uniq_erolcha
D:14:     layout_cave_pools, grunt_vaults_entry_tiered, hex_medium, uniq_nessos,
          uniq_roxanne
Temple:   minmay_temple_forest_path
Orc:1:    layout_diamond_mine, basic_altar, serial_shops, nicolae_shop_trees
Orc:2:    st_orc_town, layout_caves, uniq_saint_roka

Skill      XL: |  1  2  3  4  5  6  7  8  9 10 11 12 |
---------------+-------------------------------------+-----
Shields        | 4 5 |  5.0
Fighting       | 4 5 6 8 9 11 12 | 12.9
Armour         | 4 5 6 7 9 10 12 13 | 13.4
Long Blades    | 3 4 6 7 10 11 13 14 15 | 15.6
Dodging        | 1 2 3 4 5 |  5.0
Evocations     | 2 4 |  4.7

Action                   |  1- 3 |  4- 6 |  7- 9 | 10-12 || total
-------------------------+-------+-------+-------+-------++-------
Melee: Long sword        |    89 |   105 |   443 |   928 ||  1565
       Headbutt          |    14 |    18 |    88 |   199 ||   319
Evoke: Wand              |       |       |       |     3 ||     3
  Use: Potion            |       |     1 |    11 |    17 ||    29
       Scroll            |       |     8 |     5 |    12 ||    25
 Stab: Held in net/web   |       |       |       |     2 ||     2
       Invisible         |       |       |       |     1 ||     1
Armor: Scale mail        |    70 |    19 |       |       ||    89
       Chain mail        |       |    19 |   197 |       ||   216
       Skin              |       |       |     5 |    12 ||    17
       Plate armour      |       |       |     7 |   246 ||   253
Dodge: Dodged            |    31 |    34 |   109 |   114 ||   288
Block: Kite shield       |    63 |    51 |   308 |   398 ||   820
       Rpst.: Long sword |     6 |    10 |    19 |    34 ||    69
